 Dungeon Crawl Stone Soup version 0.27.0-65-ge2af304b15 (webtiles) character file.

Game seed: 6710172293649357419

147 Zekkers the Sneak (level 5, -8/24 HPs)
             Began as a Spriggan Venom Mage on Aug 18, 2021.
             Mangled by Blork the orc (15 damage)
             ... on level 4 of the Dungeon.
             The game lasted 00:17:55 (4038 turns).

Zekkers the Sneak (Spriggan Venom Mage)             Turns: 4038, Time: 00:17:56

Health: -8/24      AC:  3    Str:  4    XL:     5   Next: 7%
Magic:  0/10       EV: 17    Int: 17    God:
Gold:   165        SH:  0    Dex: 16    Spells: 3/9 levels left

rFire    . . .     SeeInvis +   c - +3 dagger (venom)
rCold    . . .     Faith    .   (shield restricted)
rNeg     . . .     Spirit   .   a - +0 robe
rPois    .         Reflect  .   (helmet restricted)
rElec    .         Harm     .   d - +0 cloak
rCorr    .         Rampage  .   (gloves unavailable)
Will     .....                  (boots unavailable)
Stlth    +++.......             (no amulet)
HPRegen  0.08/turn              (no ring)
MPRegen  0.12/turn              (no ring)

@: very quick
A: very small, no large weapons, unfitting armour, see invisible, speed 3
a: no special abilities


You were on level 4 of the Dungeon.
You visited 1 branch of the dungeon, and saw 4 of its levels.

You collected 165 gold pieces.

Inventory:

Hand Weapons
 c - a +3 dagger of venom (weapon)
Missiles
 b - 2 atropa-tipped darts
Armour
 a - a +0 robe (worn)
 d - a +0 cloak (worn)
Scrolls
 e - a scroll of holy word
 g - a scroll of fear
 i - 2 scrolls of amnesia {unknown}
 j - a scroll of immolation {unknown}
 l - a scroll of magic mapping {unknown}
 m - a scroll of torment {unknown}
 n - a scroll of identify {unknown}
Potions
 h - a potion of degeneration {unknown}
 k - a potion of ambrosia {unknown}


   Skills:
 * Level 2.7 Short Blades
 - Level 2.6 Dodging
 + Level 4.8 Stealth
 - Level 2.6 Spellcasting
 - Level 3.0 Transmutations
 + Level 0.3 Air Magic
 + Level 3.8 Poison Magic


You had 3 spell levels left.
You knew the following spells:

 Your Spells              Type           Power      Damage    Failure   Level
a - Poisonous Vapours     Pois/Air       18%        N/A       12%         2
c - Mephitic Cloud        Conj/Pois/Air  7%         N/A       30%         3
f - Sting                 Tmut/Pois      52%        1d5       4%          1

Your spell library contained the following spells:

 Spells                   Type           Power      Damage    Failure   Level
 Summon Small Mammal      Summ           8%         N/A       19%         1
 Call Canine Familiar     Summ           2%         N/A       47%         3
 Summon Guardian Golem    Hex/Summ       2%         N/A       47%         3
 Olgreb's Toxic Radiance  Pois           15%        N/A       36%         4


Dungeon Overview and Level Annotations

Branches:
Dungeon (4/15)
 Temple: D:4-7

Altars:
Uskayaw

Annotations:
D:4 Blork the orc, Edmund


Innate Abilities, Weirdness & Mutations

You are very small and have problems with some larger weapons.
You are too small for most types of armour.
You have supernaturally acute eyesight. (SInv)
You cover ground extremely quickly. (Speed+++)


Message History

Poisonous vapours surround Blork the orc!
Blork the orc looks even sicker.
Blork the orc screams, "I'll eat your brain!
And then I'll vomit it back up!"
Casting: Poisonous Vapours (safe; 12% risk of failure)
Confirm with . or Enter, or press ? or * to list all spells.
Aiming: Poisonous Vapours (safe; 12% risk of failure)
Press: ? - help, Dir - move target, f/p - Blork the orc
Aim: Blork the orc, wielding a +0 glaive and wearing a +1 robe of fire resistance (moderately wounded, fast, very poisoned) Poisonous vapours surround Blork the orc!
Blork the orc looks even sicker.
Blork the orc begins to cast a cantrip, but forgets the words!
Casting: Poisonous Vapours (safe; 12% risk of failure)
Confirm with . or Enter, or press ? or * to list all spells.
Aiming: Poisonous Vapours (safe; 12% risk of failure)
Press: ? - help, Dir - move target, f/p - Blork the orc
Aim: Blork the orc, wielding a +0 glaive and wearing a +1 robe of fire resistance (heavily wounded, fast, very poisoned) Poisonous vapours surround Blork the orc!
Blork the orc looks even sicker.
There is a stone staircase leading up here.
Casting: Poisonous Vapours (safe; 12% risk of failure)
Confirm with . or Enter, or press ? or * to list all spells.
You don't have enough magic to cast this spell.
Unknown command.
Casting: Poisonous Vapours (safe; 12% risk of failure)
Confirm with . or Enter, or press ? or * to list all spells.
Aiming: Sting (safe; 4% risk of failure)
Press: ? - help, Shift-Dir - straight line, f/p - Blork the orc
Aim: Blork the orc, wielding a +0 glaive and wearing a +1 robe of fire resistance (heavily wounded, fast, very poisoned, 75% to hit)
The sting hits Blork the orc.
Blork the orc looks even sicker.
Blork the orc is severely wounded.
Blork the orc barely misses you. Blork the orc closely misses you.
Blork the orc misses you.
Blork the orc hits you from afar with a +0 glaive!
Ouch! That really hurt!
Blork the orc hits you from afar with a +0 glaive.
* * * LOW HITPOINT WARNING * * *
Blork the orc looks satisfied for a moment.
Blork the orc hits you from afar with a +0 glaive!
Ouch! That really hurt!
You die...

#.# #.#
###.#
##.#.#
##.#..#
#.###)#
##.#.##
##.##
#@# #.#
#o# #.#
#.# #.#
#@# #.#
#.#####


You could see Edmund and Blork the orc (fast, very poisoned).

Vanquished Creatures
  3 gnolls (D:2)
  4 adders
  2 adder skeletons (D:4)
  A dart slug (D:1)
  3 orcs
  6 ball pythons
  6 endoplasms
  3 giant cockroaches
  5 goblins
  7 hobgoblins
  4 jackals (D:3)
  8 kobolds
  2 quokkas
  8 bats
  4 frilled lizards
  2 rats
  A bush (D:2)
69 creatures vanquished.

Vanquished Creatures (others)
  A plant (D:2)
1 creature vanquished.

Grand Total: 70 creatures vanquished

Notes
Turn   | Place    | Note
-------+----------+-------------------------------------------
     0 | D:1      | Zekkers the Spriggan Venom Mage began the quest for the
                  | Orb.
     0 | D:1      | Reached XP level 1. HP: 9/9 MP: 5/5
   451 | D:1      | Reached XP level 2. HP: 13/13 MP: 6/6
   454 | D:1      | Learned a level 2 spell: Poisonous Vapours
   641 | D:2      | Noticed a necrophage
   783 | D:1      | Found a faded altar of an unknown god.
  1337 | D:2      | Reached XP level 3. HP: 11/16 MP: 4/8
  1469 | D:2      | Found a hide-covered altar of Uskayaw.
  1527 | D:2      | Reached skill level 1 in Short Blades
  1527 | D:2      | Reached skill level 4 in Stealth
  1944 | D:2      | Learned a level 3 spell: Mephitic Cloud
  2006 | D:2      | Reached XP level 4. HP: 21/21 MP: 4/9
  3439 | D:4      | Noticed a water moccasin
  3489 | D:4      | HP: 1/21 [poisoned by a water moccasin]
  3854 | D:4      | Reached XP level 5. HP: 24/24 MP: 10/10
  3999 | D:4      | Noticed Blork the orc
  4003 | D:4      | Noticed Edmund
  4038 | D:4      | Mangled by Blork the orc

Illustrated notes

Levels and vault maps discovered:
D:1:      scummos_arrival_gate, layout_basic, chequers_ecumenical_altar_simple
D:2:      layout_rooms, basic_altar, serial_forest,
          infiniplex_forest_straight_3, infiniplex_forest_join,
          infiniplex_forest_straight_3, infiniplex_forest_clump_long,
          infiniplex_forest_lined_ring, infiniplex_forest_clump_tiny
D:3:      layout_loops_ring
D:4:      layout_loops_ring, mainiacjoe_overflow_six_doors_small, dk_vineyard_2,
          minmay_manual_monstrance, uniq_edmund, uniq_blork_the_orc

Skill      XL: |  1  2  3  4 |
---------------+-------------+-----
Transmutations | 2 3 |  3.0
Short Blades   | 1 2 |  2.7
Stealth        | 4 |  4.8
Dodging        | |  2.6
Spellcasting   | |  2.6
Air Magic      | |  0.3
Poison Magic   | |  3.8

Action                   |  1- 3 |  4- 6 || total
-------------------------+-------+-------++-------
Melee: Dagger            |    78 |    48 ||   126
       Unarmed           |     1 |       ||     1
Throw: Dart              |     2 |       ||     2
       Throwing net      |     1 |       ||     1
 Cast: Sting             |    45 |    15 ||    60
       Poisonous Vapours |     9 |    26 ||    35
  Use: Scroll            |       |     2 ||     2
       Potion            |       |     1 ||     1
 Stab: Sleeping          |     6 |     7 ||    13
       Distracted        |       |     1 ||     1
Armor: Robe              |     8 |     2 ||    10
Dodge: Dodged            |    37 |    59 ||    96
